AoeStats
← dr. phil.

Nomad

509386195Analyzed
2v2 RM · 4d ago on Sep 26, 2026· 58m 59s· 4 players
Game mode
Random Map
Map size
176×176
Population
200
Speed
Normal
Resources
Standard
Victory
Conquest
Starting age
Dark Age
Ending age
Imperial Age
RankedLock teamsTeams togetherTeam positionsShared explorationLock speedFull tech treeHidden civsTurbo modeCheats
Victory
Defeat
🇩🇪 Spanish · Germany
1130
+16
🇪🇸 Byzantines · Spain
1088
+18
🇺🇸 Persians · United States
1162
-18
🇺🇸 Khitans · United States
1105
-16
Elmarques
3:50 Loom
13:27 Feudal Age
19:03 Castle Age
21:21 Stone Mining
23:11 Double-Bit Axe
23:09 Horse Collar
24:27 Forging
24:23 Scale Barding Armor
26:20 Fishing Lines
28:24 Wheelbarrow
27:15 Light Cavalry
30:03 Bow Saw
30:09 Husbandry
32:04 Iron Casting
31:50 Chain Barding Armor
35:06 Imperial Age
35:12 Gold Mining
36:50 Two-Man Saw
36:26 Hand Cart
37:24 Plate Barding Armor
37:14 Conscription
37:43 Heavy Camel Rider
38:27 Gillnets
38:57 Elite Skirmisher
40:39 Fletching
40:49 Padded Archer Armor
41:49 Bodkin Arrow
42:16 Hussar
44:07 Ballistics
43:43 Murder Holes
44:49 Chemistry
45:13 Bracer
45:28 Leather Archer Armor
47:23 Ring Archer Armor
55:34 Scale Mail Armor
dr. phil.
4:38 Loom
12:47 Feudal Age
17:12 Castle Age
17:02 Stone Mining
16:57 Double-Bit Axe
18:58 Stone Shaft Mining
18:49 Horse Collar
22:28 Fletching
23:42 Bodkin Arrow
33:31 Ballistics
34:55 Bow Saw
40:25 Imperial Age
37:41 Town Watch
38:31 Masonry
44:33 Chemistry
44:05 Architecture
44:06 Elite Conquistador
45:10 Conscription
45:35 Heavy Plow
47:10 Husbandry
47:21 Bloodlines
47:16 Murder Holes
49:26 Two-Man Saw
48:21 Gold Mining
50:25 Stone Shaft Mining
55:45 Cavalier
56:24 Sappers
58:26 Paladin
Dilly Dilly
12:32 Feudal Age
12:37 Loom
15:03 Wheelbarrow
15:27 Fishing Lines
16:28 Wheelbarrow
16:12 Double-Bit Axe
18:34 Castle Age
18:12 Padded Archer Armor
20:13 Bow Saw
20:57 Bloodlines
22:27 Town Watch
23:22 Horse Collar
25:18 Fletching
26:57 Scale Barding Armor
27:02 Stone Mining
28:08 Husbandry
28:26 Gold Mining
29:11 Stone Shaft Mining
28:59 Thumb Ring
30:13 Hand Cart
30:49 Kamandaran
30:48 Bodkin Arrow
30:39 Crossbowman
32:08 Ballistics
33:26 Forging
33:37 Chain Barding Armor
33:33 Leather Archer Armor
36:27 Imperial Age
36:23 Iron Casting
37:19 Conscription
38:31 Ring Archer Armor
37:26 Cavalier
40:35 Light Cavalry
43:26 Citadels
45:54 Two-Man Saw
44:24 Heavy Camel Rider
46:46 Blast Furnace
46:21 Plate Barding Armor
45:52 Squires
45:19 Pikeman
46:32 Savar
48:12 Onager
53:24 Heavy Camel Rider
58:01 Hoardings
57:02 Heavy Camel Rider
ShallotForBrains
12:59 Feudal Age
13:27 Double-Bit Axe
13:25 Fishing Lines
14:14 Loom
14:34 Town Watch
17:03 Forging
21:53 Castle Age
20:07 Forging
21:58 Light Cavalry
27:20 Bow Saw
27:39 Fletching
43:02 Heavy Cavalry Archer
43:48 Thumb Ring
45:16 Bodkin Arrow
45:45 Ballistics
45:41 Padded Archer Armor
47:00 Wheelbarrow
46:55 Leather Archer Armor
50:19 Wheelbarrow
50:07 Husbandry
50:30 Scale Barding Armor
52:11 Wheelbarrow
52:46 Chain Barding Armor
55:34 Medium Warships
56:30 Hand Cart
Connection lost

Rejoining the realm…

Still unreachable

The connection could not be restored.

Session expired

The server has moved on; the page needs a fresh start.